 Dungeon Crawl Stone Soup version 0.31-a0-188-g5e087ee2ca (webtiles) character file.

Game seed: 12551462592405973595

77 qw the Shooter (level 4, 0/25 HPs)
             Began as a Deep Elf Hunter on June 23, 2023.
             Succumbed to a goblin's poison
             ... on level 2 of the Dungeon.
             The game lasted 00:00:41 (1595 turns).

qw the Shooter (Deep Elf Hunter)                    Turns: 1595, Time: 00:00:41

Health: 0/25       AC:  5    Str: 10    XL:     4   Next: 13%
Magic:  6/6        EV: 11    Int: 14    God:
Gold:   104        SH:  0    Dex: 18    Spells: 3/3 levels left

rFire   . . .        Y - +1 shortbow
rCold   . . .        (shield currently unavailable)
rNeg    + . .        i - +0 ring mail
rPois   .            (no helmet)
rElec   .            (no cloak)
rCorr   .            (no gloves)
SInv    .            (no boots)
Will    .....        (no amulet)
Stlth   +            h - ring of positive energy
HPRegen 0.24/turn    (no ring)
MPRegen 0.10/turn

%: no passive effects
@: lethally poisoned (0 -> -14)
A: no striking features
a: no special abilities


You were on level 2 of the Dungeon.
You visited 1 branch of the dungeon, and saw 3 of its levels.

You collected 104 gold pieces.


   Skills:
 - Level 1.5 Fighting
 + Level 7.5 Ranged Weapons
 - Level 2.4 Dodging
 - Level 1.2 Stealth


You had 3 spell levels left.
You didn't know any spells.
Your spell library was empty.

Inventory:

Hand Weapons
 Y - a +1 shortbow (weapon)
Armour
 i - a +0 ring mail (worn)
Jewellery
 h - a ring of positive energy (left hand)
Scrolls
 e - a scroll of identify
Potions
 b - a potion of berserk rage {unknown}
 f - a potion of heal wounds {unknown}
 g - a potion of cancellation {unknown}
 j - a potion of curing {unknown}

Dungeon Overview and Level Annotations

Branches:
Dungeon (3/15)

Altars:

Shops:
D:1 *

Annotations:
D:3 Robin


Message History

The hobgoblin closely misses you.
There is a stone staircase leading up, spattered with blood here.
There are monsters nearby!
You shoot an arrow. The arrow hits the hobgoblin!
You kill the hobgoblin!
Robin throws the goblin at you!
You shoot an arrow. The arrow hits the goblin!
You kill the goblin!
The goblin closely misses you.
You shoot an arrow. The arrow closely misses the goblin.
The arrow barely misses Robin.
Robin throws the goblin at you! The goblin hits you but does no damage.
The goblin barely misses you.
You shoot an arrow. The arrow hits the goblin!
You kill the goblin!
Robin throws the goblin at you!
You shoot an arrow. The arrow misses the goblin.
The goblin hits you but does no damage. The goblin closely misses you.
Robin roars a battlecry!
The goblins go into a battle-frenzy!
You hear a shout!
You shoot an arrow. The arrow misses the goblin.
The goblin hits you but does no damage. x2
You are poisoned.
You shoot an arrow. The arrow barely misses the goblin.
You feel very sick. The goblin hits you with a +0 club.
The goblin hits you with a +0 dagger of venom.
You are lethally poisoned!
1593 ||| STAIRDANCE You feel very sick.
The goblin hits you but does no damage.
The goblin hits you with a +0 dagger of venom.
You are more poisoned.
You climb upwards.
You feel extremely sick.
There is a stone staircase leading down here.
You shoot an arrow. The arrow hits the goblin.
You kill the goblin!
You die...

%##.##.##.###.##.##.##.#.#
#.# #.###.###.#
#[###.###.##.# #.#
#.####[####
####.####.##.###.## ##)# ###
### #.###.##...## ### #####
###### #.#.###.##
##...###.## #..## ##.#
#.###.##..#####..# #..
#####.# #.%g%........## ##..
#.....###.)@..#####...###.#.
#.##......)%).# ####...###
#.##.##.#####.# #####
#.##.##.# #.# #####
#.##.##.# #.# #...##
#)##....# #.# #.....
#.##.#### #.# #...##
#.##.##### #.# ##.##
#.....)..# ##.## #.#


You could see a goblin (strong).

Vanquished Creatures
  An adder (D:2)
  2 worms (D:2)
  A dart slug (D:2)
  4 endoplasms
  10 goblins
  13 hobgoblins
  4 kobolds
  2 quokkas (D:2)
  6 ball pythons
  3 bats
  6 frilled lizards
  3 rats
55 creatures vanquished.

Notes
Turn   | Place    | Note
-------+----------+-------------------------------------------
     0 | D:1      | qw the Deep Elf Hunter began the quest for the Orb.
     0 | D:1      | Reached XP level 1. HP: 12/12 MP: 3/3
     0 | D:1      | 0 ||| qw: Version: 0.3-a-9-g12657ce
     0 | D:1      | 0 ||| qw: Game counter: 3891
     0 | D:1      | 0 ||| qw: Always use a shield: true
     0 | D:1      | 0 ||| qw: God list: Okawaru
     0 | D:1      | 0 ||| qw: Allow faded altars: false
     0 | D:1      | 0 ||| qw: Do Orc after D:15 true
     0 | D:1      | 0 ||| qw: Do second Lair branch before Depths: true
     0 | D:1      | 0 ||| qw: Lair rune preference: random
     0 | D:1      | 0 ||| qw: Plans: Normal
     0 | D:1      | 0 ||| PLANNING D:1-11
     3 | D:1      | Noticed a demonspawn zombie
     3 | D:1      | Noticed an octopode
     6 | D:1      | Noticed a draconian
     8 | D:1      | Noticed a merfolk
     9 | D:1      | Noticed a naga
    13 | D:1      | Noticed a human
    15 | D:1      | Noticed a minotaur skeleton
    17 | D:1      | Noticed a troll
    17 | D:1      | Noticed a tengu
   184 | D:1      | Found Momuik's General Store.
   189 | D:1      | 189 ||| SHOPLISTING +6 ring of strength (432 gold, have
                  | 14).
   189 | D:1      | 189 ||| SHOPLISTING ring of positive energy (240 gold, have
                  | 14).
   189 | D:1      | 189 ||| SHOPLISTING scroll of identify (24 gold, have 14).
   278 | D:1      | Reached XP level 2. HP: 16/16 MP: 4/4
   291 | D:1      | Reached skill level 6 in Ranged Weapons
   478 | D:1      | Found a faded altar of an unknown god.
   674 | D:1      | 674 ||| UPGRADING to +0 ring mail.
   684 | D:1      | 684 ||| DROPPING +0 leather armour.
   685 | D:1      | 685 ||| READING scroll labelled CUOGRY IMALAES.
   690 | D:1      | 690 ||| READING 2 scrolls labelled TACVATY OFOSESUTE.
   691 | D:1      | 691 ||| READING scroll labelled PUUBBE LEZAISK.
   692 | D:1      | 692 ||| DROPPING scroll of butterflies.
   965 | D:2      | Reached XP level 3. HP: 20/20 MP: 5/5
  1186 | D:2      | Reached skill level 7 in Ranged Weapons
  1489 | D:2      | 1489 ||| UPGRADING to ring of positive energy.
  1490 | D:2      | 1490 ||| READING scroll labelled GAUXEKL MAJU.
  1491 | D:2      | 1491 ||| READING scroll labelled WALUECO WOIVE.
  1492 | D:2      | 1492 ||| READING scroll labelled MOUSHR LOMU.
  1522 | D:3      | 1522 ||| PLANNING SEWER
  1525 | D:3      | Noticed Robin
  1529 | D:3      | 1529 ||| STAIRDANCE
  1534 | D:2      | Reached XP level 4. HP: 23/25 MP: 6/6
  1546 | D:3      | 1546 ||| STAIRDANCE
  1560 | D:3      | 1560 ||| STAIRDANCE
  1582 | D:2      | 1582 ||| READING scroll labelled NICIG KAURYMNU.
  1593 | D:3      | 1593 ||| STAIRDANCE
  1594 | D:2      | HP: 4/25 [poisoned by a goblin]
  1595 | D:2      | Succumbed to a goblin's poison

Levels and vault maps discovered:
D:1:      shiori_arrival_whats_in_store_for_you, layout_basic,
          nicolae_ecumenical_snake_handling, serial_shops,
          nicolae_shop_getting_attention, chequers_serial_rivers_micro_e,
          minmay_hedge_maze
D:2:      layout_loops_ring, grunt_decor_arrowhead, minmay_increasing_density
D:3:      layout_loops_ring, gup_sewer_entry_spiral, serial_bayou_ford_a,
          uniq_sigmund, uniq_robin

Skill      XL: |  1  2  3 |
---------------+----------+-----
Ranged Weapons | 6 7 |  7.5
Fighting       | |  1.5
Dodging        | |  2.4
Stealth        | |  1.2

Action                     |  1- 3 |  4- 6 || total
---------------------------+-------+-------++-------
   Fire: Shortbow          |   117 |    17 ||   134
    Use: Scroll            |     6 |     1 ||     7
 Armour: Leather armour    |     6 |       ||     6
         Ring mail         |     8 |    10 ||    18
  Dodge: Dodged            |    35 |    15 ||    50

Table legend:
 A = Non-vault XP
 B = Vault XP
 C = Vault XP percentage of total XP
 D = Non-vault monster count
 E = Vault monster count
 F = Vault count percentage of total count
                 A         B        C        D         E       F
            +---------+---------+-------+---------+---------+-------
      Total |      61 |      51 |  45.5 |      35 |      20 |  36.4
            +---------+---------+-------+---------+---------+-------
        D:1 |      19 |       4 |  17.4 |      13 |       3 |  18.8
        D:2 |      42 |      39 |  48.1 |      22 |      13 |  37.1
        D:3 |       0 |       8 | 100.0 |       0 |       4 | 100.0
            +---------+---------+-------+---------+---------+-------
